 Dungeon Crawl Stone Soup version 0.28.0-49-g6dfe1f597d (webtiles) character file.

Game seed: 15257303692700476625

35 Zeld the Chiller (level 3, 0/28 HPs)
             Began as a Ghoul Ice Elementalist on May 16, 2022.
             Slain by Terence
             ... wielding a +0 flail
              (8 damage)
             ... on level 2 of the Dungeon.
             The game lasted 00:02:14 (1623 turns).

Zeld the Chiller (Ghoul Ice Elementalist)           Turns: 1623, Time: 00:02:15

Health: 0/28       AC:  3    Str: 11    XL:     3   Next: 35%
Magic:  0/5        EV: 12    Int: 12    God:
Gold:   54         SH:  0    Dex:  9    Spells: 2/6 levels left

rFire   . . .      SeeInvis .   (no weapon)
rCold   + . .      Faith    .   (no shield)
rNeg    + + +      Spirit   .   a - +0 robe
rPois   ∞          Reflect  .   (no helmet)
rElec   .          Harm     .   (no cloak)
rCorr   .          Rampage  .   (no gloves)
Will    +....                   d - +0 pair of boots
Stlth   ++........              (no amulet)
HPRegen 0.00/turn               h - ring of willpower
MPRegen 0.09/turn               (no ring)

@: inhibited regen
A: claws 1, cold resistance 1, negative energy resistance 3, inhibited
regeneration, torment resistance 2
a: no special abilities


You were on level 2 of the Dungeon.
You visited 1 branch of the dungeon, and saw 2 of its levels.

You collected 54 gold pieces.

Inventory:

Armour
 a - a +0 robe (worn)
 d - a +0 pair of boots (worn)
Jewellery
 h - a ring of willpower (left claw)
Scrolls
 c - a scroll of immolation {unknown}
 f - a scroll of identify {unknown}
 g - a scroll of vulnerability {unknown}
Potions
 b - a potion of curing {unknown}
 e - 2 potions of attraction {unknown}
 i - a potion of brilliance {unknown}


   Skills:
 * Level 1.4 Fighting
 + Level 1.9 Dodging
 + Level 2.5 Stealth
 * Level 2.2 Spellcasting
 * Level 4.6 Ice Magic


You had 2 spell levels left.
You knew the following spells:

 Your Spells              Type           Power      Damage    Failure   Level
a - Freeze                Ice            48%        1d7       4%          1
b - Frozen Ramparts       Ice            24%        1d4       12%         3

Your spell library contained the following spells:

 Spells                   Type           Power      Damage    Failure   Level
 Ozocubu's Armour         Ice            12%        N/A       12%         3
 Hailstorm                Conj/Ice       6%         3d4       71%         4


Dungeon Overview and Level Annotations

Branches:
Dungeon (2/15)

Altars:

Annotations:
D:2 Terence


Innate Abilities, Weirdness & Mutations

You thrive by killing the living.
You are immune to poison.
You have sharp fingernails.
Your flesh is cold resistant. (rC+)
You are immune to negative energy. (rN+++)
You do not regenerate when monsters are visible.
You are immune to unholy pain and torment.


Message History

Terence is lightly wounded.
The wall freezes Terence.
Terence hits you with a +0 flail.
Unknown command.
Casting: Freeze (safe; 4% risk of failure)
Confirm with . or Enter, or press ? or * to list all spells.
Aiming: Freeze (safe; 4% risk of failure)
Press: ? - help, Shift-Dir - straight line, f/p - Terence
Aim: Terence, wielding a +0 flail and wearing a +0 scale mail (moderately wounded)
You freeze Terence.
Terence is moderately wounded.
The wall freezes Terence.
Terence closely misses you.
Casting: Freeze (safe; 4% risk of failure)
Confirm with . or Enter, or press ? or * to list all spells.
You don't have enough magic to cast this spell.
Unknown command.
You scratch Terence but do no damage.
Terence is heavily wounded.
The wall freezes Terence.
Terence asks, "Do you want it fast or slow?"
Terence barely misses you.
You scratch Terence but do no damage.
Terence is heavily wounded.
The wall freezes Terence.
Terence completely misses you.
You scratch Terence but do no damage.
Terence is heavily wounded.
The wall freezes Terence.
Terence misses you.
You barely miss Terence.
Terence is severely wounded.
The wall freezes Terence.
Terence barely misses you.
You scratch Terence but do no damage.
Terence is almost dead.
The frozen ramparts melt away.
Terence hits you with a +0 flail.
You scratch Terence but do no damage.
Terence is almost dead.
Terence hits you with a +0 flail.
* * * LOW HITPOINT WARNING * * *
You closely miss Terence.
Terence is almost dead.
Terence hits you with a +0 flail!
You die...

.# .# .# .# .#
##.# ...# ...#
#########.##
...#
#....@@....#
...#
#.##########
...#
######.#.......#
..>#
#......#.#####.#
...# #.≈≈≈..#.#
#.# ...#
#.≈?≈..#.#####.#
##.#
#.≈≈≈..#.....#.#
.h.#
#......#####.#.#
##r##
####...........#


You could see Terence.

Vanquished Creatures
  2 dart slugs (D:1)
  4 ball pythons
  2 endoplasms (D:1)
  3 hobgoblins
  4 jackals
  A kobold (D:1)
  3 quokkas
  A bat (D:1)
  4 frilled lizards
  2 goblins (D:1)
  3 rats (D:1)
29 creatures vanquished.

Notes
Turn   | Place    | Note
-------+----------+-------------------------------------------
     0 | D:1      | Zeld the Ghoul Ice Elementalist began the quest for the
                  | Orb.
     0 | D:1      | Reached XP level 1. HP: 14/14 MP: 2/2
   110 | D:1      | Found a faded altar of an unknown god.
   232 | D:1      | Reached XP level 2. HP: 3/22 MP: 0/3
   614 | D:1      | Reached skill level 1 in Fighting
   961 | D:1      | Reached XP level 3. HP: 28/28 MP: 5/5
   967 | D:1      | Learned a level 3 spell: Frozen Ramparts
  1608 | D:2      | Noticed Terence
  1623 | D:2      | Slain by Terence

Illustrated notes

Levels and vault maps discovered:
D:1:      lightli_arrival_lavapool, layout_rooms,
          ebering_ecumenical_altar_sacrificial, st_stairs_9, minivault_26,
          palyth_stone_intersect, minivault_11
D:2:      layout_basic, corexii_item_surrounded_by_moat,
          uniq_crazy_yiuf_cottage, uniq_terence

Skill      XL: |  1  2 |
---------------+-------+-----
Spellcasting   | 2 |  2.2
Fighting       | 1 |  1.4
Dodging        | |  1.9
Stealth        | |  2.5
Ice Magic      | |  4.6

Action                   || total
-------------------------++-------
Melee: Unarmed           ||    34
 Cast: Freeze            ||    42
       Frozen Ramparts   ||     1
 Stab: Sleeping          ||     1
Armor: Robe              ||    19
Dodge: Dodged            ||    55
